 Dungeon Crawl Stone Soup version 0.29.1-15-g9cfb28693d (webtiles) character file.

Game seed: 1718888176690315396

2734 ThatPearl the Fighter (level 9, -15/61 HPs)
             Began as a Gargoyle Monk on Mar 19, 2023.
             Was a Follower of Cheibriados.
             Killed from afar by an acid dragon (26 damage)
             ... with a splash of acid
             ... on level 9 of the Dungeon.
             The game lasted 00:16:11 (8826 turns).

ThatPearl the Fighter (Gargoyle Monk)               Turns: 8826, Time: 00:16:11

Health: -15/61     AC: 21    Str: 19    XL:     9   Next: 67%
Magic:  6/9        EV:  8    Int: 17    God:    Cheibriados [*.....]
Gold:   460        SH:  0    Dex: 15    Spells: 8/8 levels left

rFire   . . .      SeeInvis .   O - +3 battleaxe (freeze)
rCold   + . .      Faith    .   (shield currently unavailable)
rNeg    + . .      Spirit   .   A - +0 chain mail {rC+}
rPois   ∞          Reflect  .   y - +2 hat
rElec   +          Harm     .   I - +0 cloak
rCorr   .          Rampage  .   (no gloves)
Will    .....                   H - +0 pair of boots
Stlth   ..........              (no amulet)
HPRegen 0.20/turn               (no ring)
MPRegen 0.11/turn               (no ring)

@: very slow
A: sickness immunity, AC +6, negative energy resistance 1, electricity
resistance, torment resistance 1, petrification resistance
a: Renounce Religion, Bend Time


You were on level 9 of the Dungeon.
You worshipped Cheibriados.
Cheibriados was aware of your devotion.
You visited 2 branches of the dungeon, and saw 10 of its levels.

You collected 460 gold pieces.

Inventory:

Hand Weapons
 a - a +4 dagger of venom
 b - a +0 sling
 t - a +0 flail
 E - a +2 mace of holy wrath
 N - the +6 spear of Profit {spect, MP+9}
   (You found it on level 8 of the Dungeon)

   When its wielder attacks, the weapon's spirit leaps out and strikes again.
   The spirit shares a part of any damage it takes with its wielder.
   MP:        It affects your magic capacity (+9).
 O - a +3 battleaxe of freezing (weapon)
Missiles
 f - 4 javelins
 g - 71 stones
 i - 5 boomerangs (quivered)
Armour
 y - a +2 hat (worn)
 z - a +0 crystal plate armour
 A - a +0 chain mail of cold resistance (worn)
 G - a +0 ring mail of fire resistance
 H - a +0 pair of boots (worn)
 I - a +0 cloak (worn)
Wands
 C - a wand of flame (8)
 M - a wand of iceblast (6)
Scrolls
 e - a scroll of blinking
 h - 2 scrolls of enchant weapon {unknown}
 j - a scroll of silence {unknown}
 k - a scroll of amnesia
 l - 6 scrolls of fear {unknown}
 m - a scroll of immolation
 n - a scroll of summoning {unknown}
 o - 2 scrolls of enchant armour {unknown}
 p - 2 scrolls of teleportation
 u - 2 scrolls of magic mapping {unknown}
 v - 2 scrolls of identify
 D - a scroll of torment {unknown}
 F - 2 scrolls of noise {unknown}
 K - a scroll of vulnerability {unknown}
 L - a scroll of brand weapon {unknown}
Potions
 c - 2 potions of ambrosia
 d - 3 potions of lignification {unknown}
 q - 2 potions of mutation
 r - 2 potions of curing
 s - a potion of magic
 w - a potion of might {unknown}
 x - a potion of brilliance {unknown}
 B - 2 potions of attraction {unknown}
 J - a potion of berserk rage {unknown}


   Skills:
 + Level 9.5 Fighting
 + Level 8.7 Maces & Flails
 + Level 6.1 Armour
 - Level 2.4 Dodging
 - Level 2.1 Stealth
 + Level 1.1 Invocations


You had 8 spell levels left.
You didn't know any spells.
Your spell library contained the following spells:

 Spells                   Type           Power      Damage    Failure   Level
 Freeze                   Ice            0%         1d3       93%         1
 Wereblood                Tmut           0%         N/A       98%         2
 Frozen Ramparts          Ice            0%         1d1       100%        3
 Corpse Rot               Necr/Pois/Air  0%         N/A       100%        4
 Dispel Undead            Necr           0%         3d6       100%        4
 Hailstorm                Conj/Ice       0%         3d3       100%        4
 Death Channel            Necr           0%         N/A       100%        6
 Dispersal                Tloc           0%         N/A       100%        6
 Summon Hydra             Summ           0%         N/A       100%        7
 Disjunction              Tloc           0%         N/A       100%        8
 Sublimation of Blood     Necr           Unusable   N/A       N/A         2

Dungeon Overview and Level Annotations

Branches:
Dungeon (9/15)             Temple (1/1) D:4
   Lair: D:8-11         Orc: D:9-12

Altars:
Ashenzari
Cheibriados
Dithmenos
Elyvilon
Fedhas
Gozag
Hepliaklqana
Kikubaaqudgha
Makhleb
Nemelex Xobeh
Okawaru
Qazlal
Ru
Sif Muna
Trog
Uskayaw
Vehumet
Wu Jian
Xom
Yredelemnul
Zin
The Shining One


Innate Abilities, Weirdness & Mutations

You are immune to sickness and miasma.
Your stone body is resilient. (AC +6)
You are immune to poison.
You resist negative energy. (rN+)
You are resistant to electric shocks. (rElec)
You are resistant to unholy torment.
You are immune to petrification.


Message History

The troll claws you but does no damage. The troll claws you!
The troll bites you! The troll claws you but does no damage.
The troll barely misses you.
Unknown command.
You hit the troll. You freeze the troll.
The troll is lightly wounded.
The troll bites you but does no damage.
The troll claws you but does no damage. x2
Unknown command.
You hit the troll but do no damage.
The troll is lightly wounded.
You slash the acid dragon! You freeze the acid dragon.
The acid dragon bites you but does no damage.
The acid dragon barely misses you. The troll bites you!
The troll barely misses you. The troll claws you but does no damage.
Unknown command.
You barely miss the troll.
The troll is lightly wounded.
You closely miss the acid dragon.
The acid dragon bites you but does no damage.
The acid dragon barely misses you. The troll bites you.
The troll claws you but does no damage. The troll completely misses you.
The acid dragon bites you!
* * * LOW HITPOINT WARNING * * *
The acid dragon closely misses you. The troll barely misses you.
The troll claws you.
* * * LOW HITPOINT WARNING * * *
The troll claws you but does no damage. The flow of time bends around you.
The acid dragon resists with some effort.
The troll resists with some effort.
The troll bites you but does no damage. The troll completely misses you.
The troll claws you but does no damage.
The acid dragon bites you but does no damage.
The acid dragon closely misses you.
Unknown command.
You slash the troll! You freeze the troll.
The troll is moderately wounded.
You slash the acid dragon! You freeze the acid dragon.
The acid dragon spits acid at you. The splash of acid hits you!!
You die...

###
#...
..#.###
.....?.
#....##
#...#
+..@#
###DT#
.....
####..#
...#
.#.#
#.# .


You could see a troll and an acid dragon (catching breath).

Vanquished Creatures
  Pikel (D:8)
  2 black bears
  2 orc warriors (D:8)
  An ice beast (D:6)
  An ogre (D:5)
  A phantom (D:5)
  A centaur (D:6)
  A kobold brigand (D:7)
  3 necrophages
  3 bullfrogs
  3 scorpions
  3 wights
  2 quasits (D:6)
  4 hounds
  4 jellies
  2 orc priests
  5 orc wizards
  An iguana (D:7)
  5 gnolls
  8 adders
  5 shadow imps
  2 white imps (D:6)
  3 ufetubi
  4 worms
  A dart slug (D:3)
  24 orcs
  5 endoplasms
  3 giant cockroaches
  8 hobgoblins
  5 quokkas
  5 ball pythons
  2 bats (D:3)
  14 frilled lizards
  4 goblins
  12 kobolds
150 creatures vanquished.

Vanquished Creatures (others)
  2 demonic plants (D:6)
2 creatures vanquished.

Grand Total: 152 creatures vanquished

Notes
Turn   | Place    | Note
-------+----------+-------------------------------------------
     0 | D:1      | ThatPearl the Gargoyle Monk began the quest for the Orb.
     0 | D:1      | Reached XP level 1. HP: 14/14 MP: 1/1
   663 | D:1      | Reached XP level 2. HP: 19/19 MP: 2/2
   898 | D:2      | Reached skill level 4 in Fighting
   898 | D:2      | Reached XP level 3. HP: 16/24 MP: 3/3
  1585 | D:2      | Reached XP level 4. HP: 18/30 MP: 4/4
  2190 | D:3      | Reached XP level 5. HP: 12/34 MP: 5/5
  2195 | D:3      | Reached skill level 5 in Fighting
  2654 | D:4      | Found a staircase to the Ecumenical Temple.
  2664 | Temple   | Entered the Ecumenical Temple
  3481 | D:5      | Entered Level 5 of the Dungeon
  3502 | D:5      | Noticed a black bear
  3521 | D:5      | Killed a black bear
  3522 | D:5      | Reached skill level 5 in Maces & Flails
  3522 | D:5      | Reached XP level 6. HP: 37/41 MP: 6/6
  3535 | D:5      | Reached skill level 6 in Fighting
  3751 | D:5      | Reached XP level 7. HP: 27/47 MP: 7/7
  4383 | D:5      | Reached skill level 7 in Fighting
  4617 | D:5      | Reached skill level 1 in Armour
  4762 | D:5      | Found a basalt altar of Yredelemnul.
  4778 | D:5      | Reached XP level 8. HP: 43/53 MP: 8/8
  5097 | D:6      | Found a sacrificial altar of Ru.
  5440 | D:6      | Reached skill level 8 in Fighting
  5708 | D:6      | Found a broken altar of Ashenzari.
  7031 | D:8      | Noticed Pikel
  7044 | D:8      | Killed Pikel
  7045 | D:8      | Reached skill level 9 in Fighting
  7045 | D:8      | Reached skill level 5 in Armour
  7045 | D:8      | Reached XP level 9. HP: 41/60 MP: 9/9
  7905 | D:8      | Identified the +6 spear of Profit {spect, MP+9}
  8235 | D:8      | Found a stormy altar of Qazlal.
  8236 | D:8      | Found a sparkling altar of Nemelex Xobeh.
  8238 | D:8      | Found a bloodstained altar of Trog.
  8240 | D:8      | Found a radiant altar of Vehumet.
  8245 | D:8      | Found a snail-covered altar of Cheibriados.
  8249 | D:8      | Became a worshipper of Cheibriados the Contemplative
  8249 | D:8      | Reached * piety under Cheibriados
  8249 | D:8      | Reached ** piety under Cheibriados
  8251 | D:8      | Found a shimmering blue altar of Sif Muna.
  8377 | D:8      | HP: 1/61 [black bear (3)]
  8386 | D:8      | Reached skill level 1 in Invocations
  8819 | D:9      | Noticed a troll
  8826 | D:9      | Killed from afar by an acid dragon

Illustrated notes

Levels and vault maps discovered:
D:1:      minmay_arrival_solitary_statue, layout_basic
D:2:      layout_loops_ring, kennysheep_cluttered_room, minmay_lizard_pond
D:3:      layout_rooms, minmay_starry_boxes
D:4:      layout_basic, minmay_temple_entry_statues_fountains,
          kennysheep_diamond
D:5:      layout_basic, lemuel_tele_altar
D:6:      layout_basic, mainiacjoe_overflow_small_starburst, lemuel_round_altar,
          serial_demonic, serial_demonic_f, serial_demonic_f, serial_demonic_a,
          serial_demonic_d, serial_demonic_a, serial_demonic_g
D:7:      layout_basic
D:8:      layout_loops_ring, minitemple, serial_bayou_pond_e,
          hangedman_abyss_or_decor_clamps, uniq_pikel
D:9:      layout_basic, due_lair_maze_entry_diamond
Temple:   nicolae_temple_bog_church

Skill      XL: |  1  2  3  4  5  6  7  8  9 |
---------------+----------------------------+-----
Fighting       | 4 5 6 7 9 |  9.5
Maces & Flails | 4 5 6 8 |  8.7
Armour         | 1 5 6 |  6.1
Invocations    | 1 |  1.1
Dodging        | |  2.4
Stealth        | |  2.1

Action                   |  1- 3 |  4- 6 |  7- 9 || total
-------------------------+-------+-------+-------++-------
Melee: Mace              |    47 |       |   235 ||   282
       Punch             |     1 |       |     5 ||     6
       Dagger            |    38 |   115 |    17 ||   170
       Flail             |       |    21 |   172 ||   193
       Battleaxe         |       |       |     5 ||     5
 Fire: Sling             |    13 |       |     2 ||    15
Throw: Javelin           |       |       |     4 ||     4
Invok: Bend Time         |       |       |     4 ||     4
Evoke: Wand              |       |       |     1 ||     1
  Use: Scroll            |       |     8 |       ||     8
       Potion            |       |     1 |     2 ||     3
 Stab: Sleeping          |     1 |     1 |     1 ||     3
       Distracted        |       |     1 |       ||     1
Armor: Robe              |     5 |       |       ||     5
       Leather armour    |    23 |    19 |       ||    42
       Ring mail         |       |    31 |    46 ||    77
       Chain mail        |       |       |   334 ||   334
Dodge: Dodged            |    45 |    67 |   204 ||   316
